 Dungeon Crawl Stone Soup version 0.31-a0-1010-g5322dac6a2 (webtiles) character file.

Game seed: 11605168998967253765

54 protoss039 the Digger (level 3, -3/26 HPs)
             Began as a Demonspawn Earth Elementalist on Nov 16, 2023.
             Killed by divine providence
             ... invoked by an orc priest
              (16 damage)
             ... on level 4 of the Dungeon.
             The game lasted 00:04:20 (2385 turns).

protoss039 the Digger (DsEE)                        Turns: 2385, Time: 00:04:21

Health: -3/26      AC:  5    Str:  8    XL:     3   Next: 66%
Magic:  1/6        EV: 11    Int: 18    God:
Gold:   137        SH:  0    Dex: 13    Spells: 1/7 levels left

rFire   . . .        g - +0 dagger
rCold   . . .        (no shield)
rNeg    . . .        e - +0 leather armour
rPois   .            (no helmet)
rElec   .            l - +1 cloak
rCorr   .            (no gloves)
SInv    .            (no boots)
Will    +....        (no amulet)
Stlth   ++           j - ring of willpower
HPRegen 0.24/turn    (no ring)
MPRegen 0.10/turn

%: no passive effects
@: very slightly contaminated
A: claws 1, demonic magic 1
a: no special abilities


You were on level 4 of the Dungeon.
You visited 1 branch of the dungeon, and saw 4 of its levels.

You collected 137 gold pieces.

Inventory:

Hand Weapons
 g - a +0 dagger (weapon)
 o - a +0 flail of draining
Armour
 e - a +0 leather armour (worn)
 l - a +1 cloak (worn)
 m - a +0 ring mail
Jewellery
 j - a ring of willpower (left claw)
Scrolls
 c - 2 scrolls of teleportation
 d - a scroll of identify {unknown}
 i - a scroll of amnesia {unknown}
 k - a scroll of noise {unknown}
Potions
 a - a potion of curing {unknown}
 b - a potion of magic
 f - a potion of heal wounds {unknown}
 h - a potion of attraction {unknown}


   Skills:
 + Level 1.6 Fighting
 + Level 0.1 Armour
 - Level 1.7 Dodging
 * Level 1.9 Stealth
 + Level 2.6 Spellcasting
 * Level 0.3 Conjurations
 - Level 0.8 Transmutations
 + Level 3.2 Earth Magic


You had one spell level left.
You knew the following spells:

 Your Spells              Type           Power      Damage    Failure   Level
a - Sandblast             Erth           26%        2d8       7%          1
b - Passwall              Tmut/Erth      7%         N/A       16%         2
c - Stone Arrow           Conj/Erth      16%        3d8       34%         3

Your spell library contained the following spells:

 Spells                   Type           Power      Damage    Failure   Level
 Lesser Beckoning         Tloc           4%         N/A       36%         2
 Gell's Gravitas          Tloc           2%         N/A       58%         3
 Teleport Other           Tloc           2%         N/A       58%         3
 Petrify                  Tmut/Erth      9%         N/A       71%         4
 Brom's Barrelling Bould  Conj/Erth      8%         2d3       75%         4


Dungeon Overview and Level Annotations

Branches:
Dungeon (4/15) Zot: 21583
 Temple: D:4-7

Altars:
Fedhas


Innate Abilities, Weirdness & Mutations

You have sharp fingernails.
Spells you cast may paralyse adjacent enemies.


Message History

Press: ? - help, Shift-Dir - straight line, f/p - orc priest
Aim: an orc priest, wielding a +0 short sword (heavily wounded, 82% to hit)
The blast of sand hits the orc priest.
The orc priest is severely wounded.
Malevolent energies surge around you.
The orc priest calls down the wrath of Beogh upon you.
Beogh smites you!
Ouch! That really hurt!
Casting: Sandblast (safe; 7% risk of failure)
Confirm with . or Enter, or press ? or * to list all spells.
Aiming: Sandblast (safe; 7% risk of failure)
Press: ? - help, Shift-Dir - straight line, f/p - orc priest
Aim: an orc priest, wielding a +0 short sword (severely wounded, 82% to hit)
The blast of sand hits the orc priest.
The orc priest is severely wounded.
Malevolent energies surge around you.
Unknown command.
Casting: Sandblast (safe; 7% risk of failure)
Confirm with . or Enter, or press ? or * to list all spells.
Aiming: Sandblast (safe; 7% risk of failure)
Press: ? - help, Shift-Dir - straight line, f/p - orc priest
Aim: an orc priest, wielding a +0 short sword (severely wounded, 82% to hit)
The blast of sand hits the orc priest.
The orc priest is almost dead.
Malevolent energies surge around you.
The orc priest hits you but does no damage.
The orc priest hits you with a +0 short sword.
Unknown command.
Casting: Sandblast (safe; 7% risk of failure)
Confirm with . or Enter, or press ? or * to list all spells.
Aiming: Sandblast (safe; 7% risk of failure)
Press: ? - help, Shift-Dir - straight line, f/p - orc priest
Aim: an orc priest, wielding a +0 short sword (almost dead, 82% to hit)
You miscast Sandblast.
You are very lightly contaminated with residual magic.
Nothing appears to happen.
The orc priest calls down the wrath of Beogh upon you.
Beogh smites you!
Ouch! That really hurt!
You die...

#. .# ##. .##
#.. ... #.. ..
# ##.. .####.#
###...#.......
#............#
#@o.....#
#..###.#.$#..
...## ...###
..### #......
... ....... ..
###....... .
.........
###........
#..<.....$.


You could see an orc priest.

Vanquished Creatures
  An adder (D:2)
  2 orcs (D:3)
  3 bats
  5 endoplasms
  3 giant cockroaches
  4 goblins
  4 hobgoblins (D:1)
  2 jackals (D:2)
  4 kobolds (D:1)
  A quokka (D:3)
  3 ball pythons
  4 frilled lizards
  2 rats
38 creatures vanquished.

Notes
Turn   | Place    | Note
-------+----------+-------------------------------------------
     0 | D:1      | protoss039 the Demonspawn Earth Elementalist began the
                  | quest for the Orb.
     0 | D:1      | Reached XP level 1. HP: 13/13 MP: 3/3
   186 | D:1      | Gained mutation: Spells you cast may paralyse adjacent
                  | enemies. [demonic ancestry]
   186 | D:1      | Reached XP level 2. HP: 7/20 MP: 0/5
   532 | D:1      | Reached skill level 1 in Fighting
   532 | D:1      | Reached skill level 3 in Earth Magic
   712 | D:1      | Learned a level 2 spell: Passwall
   927 | D:2      | Gained mutation: You have sharp fingernails. [demonic
                  | ancestry]
   927 | D:2      | Reached XP level 3. HP: 25/26 MP: 2/6
  1539 | D:3      | Learned a level 3 spell: Stone Arrow
  1704 | D:3      | Found a blossoming altar of Fedhas.
  2385 | D:4      | Killed from afar by an orc priest

Illustrated notes

Levels and vault maps discovered:
D:1:      eino_arrival_water_star, layout_rooms
D:2:      layout_basic, nicolae_underground_beach
D:3:      layout_rooms, mainiacjoe_overflow_surrounded_room, serial_aquarium,
          aquarium_bridge_island_small [aquarium_subvault_small_open,
          aquarium_subvault_bridge, aquarium_subvault_balcony,
          aquarium_subvault_window, aquarium_subvault_bridge],
          aquarium_window_2, aquarium_window_1, aquarium_view_2f,
          aquarium_balcony_5b, aquarium_pool_four
D:4:      layout_rooms, mainiacjoe_overflow_tiny_flanked,
          lemuel_zombie_altar_kikubaaqudgha, serial_shops, shop,
          minmay_misc_feat_roman, chequers_serial_rivers_micro_a, uniq_duvessa

Skill      XL: |  1  2 |
---------------+-------+-----
Fighting       | 1 |  1.6
Earth Magic    | 3 |  3.2
Armour         | |  0.1
Dodging        | |  1.7
Stealth        | |  1.9
Spellcasting   | |  2.6
Conjurations   | |  0.3
Transmutations | |  0.8

Action                     || total
---------------------------++-------
  Melee: Club              ||    14
         Dagger            ||    20
         Short sword       ||     4
   Cast: Sandblast         ||    53
         Passwall          ||     2
    Use: Scroll            ||     1
   Stab: Paralysed         ||     3
         Sleeping          ||     3
 Armour: Leather armour    ||    37
  Dodge: Dodged            ||    43

Table legend: (Time is in decaauts)
 A = Elapsed time spent in this place.
 B = Non-inter-level travel time spent in this place.
 C = Inter-level travel time spent in this place.
 D = Time resting spent in this place.
 E = Time spent auto-exploring this place.
 F = Levels seen in this place.
 G = Mean time per level.
                   A        B        C        D        E       F      G
               +--------+--------+--------+--------+--------+-----+--------+
         Total |   2416 |   2260 |    156 |    235 |   1613 |   4 |  604.0 |
       Dungeon |   2416 |   2260 |    156 |    235 |   1613 |   4 |  604.0 |
               +--------+--------+--------+--------+--------+-----+--------+

Top non-repeatable levels by time:
     D:3: 843 daAuts
     D:2: 830 daAuts
     D:1: 727 daAuts
     D:4: 15 daAuts
